 Dungeon Sprint DCSS version 0.29-a0-356-g7bc237e783 (webtiles) character file.

Game seed: 2640656546217183888

7800000 HendSelp the Axe Maniac (level 27, -1/199 HPs)
             Began as a Tengu Monk on Apr 26, 2022.
             Was the Champion of Makhleb.
             Killed by divine providence
             ... invoked by an accursed
              (8 damage)
             ... in the Dungeon (Sprint VIII: "Arena of Blood").
             The game lasted 00:02:14 (78 turns).

HendSelp the Axe Maniac (Tengu Monk)                  Turns: 78, Time: 00:02:14

Health: -1/199     AC:  4    Str: 23    XL:     27
Magic:  29/48      EV: 38    Int: 11    God:    Makhleb [******]
Gold:   0          SH:  0    Dex: 19    Spells: 67/67 levels left

rFire   . . .      SeeInvis +   j - +โˆž Axe of Woe
rCold   . . .      Faith    .   (shield currently unavailable)
rNeg    . . .      Spirit   .   b - +0 robe
rPois   .          Reflect  .   (helmet restricted)
rElec   .          Harm     .   (no cloak)
rCorr   .          Rampage  .   (no gloves)
Will    ++...      NoTele   +   (boots unavailable)
Stlth   ++++++++++              (no amulet)
HPRegen 0.43/turn               k - ring of see invisible
MPRegen 0.31/turn               (no ring)

@: flying quickly and evasively, quick
A: beak, talons 3, nimble flight
a: Renounce Religion, Minor Destruction, Lesser Servant of Makhleb, Major
Destruction, Greater Servant of Makhleb


You were in the Dungeon.
You worshipped Makhleb.
Makhleb was exalted by your worship.
You visited 1 branch

Inventory:

Hand Weapons
 a - a +0 hand axe
 j - the +โˆž Axe of Woe (weapon)
   (You found it in the Dungeon)
Armour
 b - a +0 robe (worn)
Jewellery
 k - a ring of see invisible (left hand)
Potions
 c - a potion of ambrosia
 d - a potion of curing
 e - a potion of heal wounds
 f - a potion of haste
 g - 2 potions of magic
 h - a potion of berserk rage


   Skills:
 O Level 27 Fighting
 + Level 24.1(27) Short Blades
 + Level 21.4(25.8) Long Blades
 O Level 27 Axes
 + Level 21.4(27) Maces & Flails
 + Level 21.4(27) Polearms
 + Level 21.4(27) Staves
 + Level 22.3(25.9) Slings
 + Level 24.1 Bows
 + Level 24.1 Crossbows
 + Level 22.3(25.9) Throwing
 + Level 24.1 Armour
 O Level 27 Dodging
 O Level 27 Stealth
 + Level 22.3 Shields
 + Level 24.1 Unarmed Combat
 + Level 20.9 Spellcasting
 O Level 27 Conjurations
 + Level 17.7 Hexes
 + Level 26.0 Summonings
 + Level 24.1 Necromancy
 + Level 19.2 Translocations
 + Level 19.1 Transmutations
 + Level 24.1 Fire Magic
 + Level 20.7 Ice Magic
 O Level 27 Air Magic
 + Level 17.7 Earth Magic
 + Level 22.5 Poison Magic
 + Level 20.9 Invocations
 + Level 22.5 Evocations


You had 67 spell levels left.
You didn't know any spells.
Your spell library was empty.

Dungeon Overview and Level Annotations

Branches:
Dungeon (1/1)

Altars:
Makhleb


Innate Abilities, Weirdness & Mutations

You have a beak for a mouth.
You have claws for feet.
Your magical nature lets you fly swiftly and evasively.


Message History

Your Translocations skill increases to level 19!
Your Transmutations skill increases to level 19!
Your Fire Magic skill increases to level 24!
Unknown command.
Unknown command.
Unknown command.
Unknown command.
Unknown command.
An accursed comes into view.
You hear a shout! x5
The accursed points at you and mumbles some strange words.
Something smites you!
You hear a shout! x5
The tyrant mumbles some strange words.
You hear a shout! x2
The accursed points at you and mumbles some strange words.
Something smites you!
A tyrant comes into view.
The dread calls on the powers of darkness!
The meat berserker convulses! x3; The bag of meat convulses! x2
The meat berserker convulses!
The bag of meat convulses!
Your body is wracked with pain!
The bag of meat convulses! x3
The meat berserker hits you with a +9 battleaxe!!!!
* * * LOW HITPOINT WARNING * * *
The accursed moves out of view.
Unknown command.
Unknown command.
Unknown command.
You slice the meat berserker!!
You chop the meat berserker into pieces.
You kill the meat berserker!
Makhleb accepts your kill.
You hit the large abomination but do no damage.
You slaughter the large abomination joyfully.
You destroy the large abomination!
The large abomination disappears in a puff of smoke!
You hear a shout! x4
The accursed gestures at you while chanting.
Something smites you!
You die...

##........)......
.........))......
......##.##o##### .
.......))...z...
..####...)2##.##...
#......M)))....Xz.O
#.....)X)X.#L#..X.
#.oXo.))).........
..o#MX)o@))........
...o#.L.ยง).)......
...o.oOXO)))......
....O.X..))).....O
....OW..#)W)....#.
..#.....#.))....#
......###.).....###.
.........L###......
#........_......


You could see 2 accurseds, a tentacled monstrosity (summoned), a meat beast
(fast), 3 tyrants, a sculptor of flesh, 5 large abominations, a dread, 4 meat
berserkers, a wretched soul (invisible) and 6 bags of meat.

Vanquished Creatures
  2 hell beasts (D)
  A royal mummy (D)
  12 vampire knights (D)
  17 ogres (D)
  4 two-headed ogres (D)
  41 orcs (D)
  5 skeletal warriors (D)
82 creatures vanquished.

Notes
Turn   | Place    | Note
-------+----------+-------------------------------------------
     0 | D        | Found the +โˆž Axe of Woe
     0 | D        | HendSelp the Tengu Monk began the quest for the Orb.
     0 | D        | Reached XP level 1. HP: 14/14 MP: 2/2
     2 | D        | Noticed a bag of meat
     4 | D        | Became a worshipper of Makhleb the Destroyer
     4 | D        | Reached * piety under Makhleb
     4 | D        | Reached ** piety under Makhleb
     5 | D        | Noticed a bag of meat
     6 | D        | Noticed a bag of meat
     7 | D        | Noticed a bag of meat
     8 | D        | Noticed a bag of meat
     8 | D        | Noticed a bag of meat
     9 | D        | Noticed a bag of meat
     9 | D        | Noticed a bag of meat
    10 | D        | Killed a bag of meat
    10 | D        | Killed a bag of meat
    10 | D        | Noticed a bag of meat
    10 | D        | Noticed a bag of meat
    10 | D        | Noticed a bag of meat
    10 | D        | Noticed a bag of meat
    10 | D        | Noticed a bag of meat
    11 | D        | Reached XP level 2. HP: 37/37 MP: 3/3
    11 | D        | Reached XP level 3. HP: 42/42 MP: 4/4
    11 | D        | Reached XP level 4. HP: 48/48 MP: 5/5
    11 | D        | Gained mutation: Your magical nature lets you fly swiftly
                  | and evasively. [Tengu growth]
    11 | D        | Reached XP level 5. HP: 53/53 MP: 6/6
    11 | D        | Reached XP level 6. HP: 59/59 MP: 7/7
    11 | D        | Reached XP level 7. HP: 64/64 MP: 8/8
    11 | D        | Reached XP level 8. HP: 69/69 MP: 9/9
    11 | D        | Reached XP level 9. HP: 75/75 MP: 10/10
    11 | D        | Reached XP level 10. HP: 80/80 MP: 11/11
    11 | D        | Reached XP level 11. HP: 85/85 MP: 12/12
    11 | D        | Reached XP level 12. HP: 91/91 MP: 13/13
    11 | D        | Killed a bag of meat
    11 | D        | Noticed a bag of meat
    11 | D        | Noticed a large bag of meat
    12 | D        | Noticed a bag of meat
    12 | D        | Noticed a bag of meat
    12 | D        | Noticed a bag of meat
    12 | D        | Noticed a bag of meat
    12 | D        | Noticed a bag of meat
    12 | D        | Noticed a bag of meat
    12 | D        | Noticed a meat berserker
    13 | D        | Killed a bag of meat
    13 | D        | Reached *** piety under Makhleb
    13 | D        | Killed a bag of meat
    14 | D        | Reached XP level 13. HP: 103/103 MP: 14/14
    14 | D        | Killed a meat berserker
    14 | D        | Noticed a large bag of meat
    14 | D        | Noticed a bag of meat
    15 | D        | Reached XP level 14. HP: 112/112 MP: 15/15
    15 | D        | Noticed a bag of meat
    15 | D        | Killed a bag of meat
    15 | D        | Reached **** piety under Makhleb
    15 | D        | Noticed a bag of meat
    15 | D        | Noticed a bag of meat
    16 | D        | Killed a bag of meat
    17 | D        | Reached skill level 10 in Stealth
    17 | D        | Reached XP level 15. HP: 120/120 MP: 16/16
    17 | D        | Noticed a meat berserker
    17 | D        | Reached ***** piety under Makhleb
    18 | D        | Reached skill level 27 in Axes
    19 | D        | Reached skill level 27 in Fighting
    19 | D        | Reached skill level 27 in Dodging
    19 | D        | Killed a large bag of meat
    19 | D        | Noticed a meat berserker
    20 | D        | Reached XP level 16. HP: 72/133 MP: 17/17
    21 | D        | Reached skill level 27 in Stealth
    21 | D        | Reached XP level 17. HP: 124/139 MP: 18/18
    21 | D        | Noticed a meat berserker
    22 | D        | Killed a meat berserker
    22 | D        | Reached ****** piety under Makhleb
    22 | D        | Killed a large bag of meat
    23 | D        | Reached skill level 5 in Long Blades
    23 | D        | Reached skill level 5 in Maces & Flails
    23 | D        | Reached skill level 5 in Polearms
    23 | D        | Reached skill level 5 in Staves
    23 | D        | Reached skill level 5 in Spellcasting
    23 | D        | Reached skill level 5 in Translocations
    23 | D        | Reached skill level 5 in Ice Magic
    23 | D        | Reached skill level 5 in Invocations
    23 | D        | Reached XP level 18. HP: 76/145 MP: 18/27
    23 | D        | Noticed a large bag of meat
    24 | D        | Reached skill level 5 in Hexes
    24 | D        | Reached skill level 5 in Transmutations
    24 | D        | Reached skill level 5 in Earth Magic
    24 | D        | Noticed a large bag of meat
    25 | D        | Reached skill level 10 in Conjurations
    25 | D        | Reached skill level 10 in Air Magic
    25 | D        | Noticed a destroyer
    26 | D        | Noticed a destroyer
    26 | D        | Killed a large bag of meat
    26 | D        | Noticed a destroyer
    26 | D        | Noticed a destroyer
    27 | D        | Reached skill level 10 in Summonings
    27 | D        | Reached XP level 19. HP: 113/151 MP: 18/32
    27 | D        | Killed a meat berserker
    28 | D        | Reached skill level 10 in Short Blades
    28 | D        | Reached skill level 10 in Bows
    28 | D        | Reached skill level 10 in Crossbows
    28 | D        | Reached skill level 10 in Armour
    28 | D        | Reached skill level 10 in Unarmed Combat
    28 | D        | Reached skill level 10 in Necromancy
    28 | D        | Reached skill level 10 in Fire Magic
    29 | D        | Reached skill level 10 in Slings
    29 | D        | Reached skill level 10 in Throwing
    29 | D        | Reached skill level 10 in Shields
    29 | D        | Reached skill level 10 in Poison Magic
    29 | D        | Reached skill level 10 in Evocations
    29 | D        | Killed a destroyer
    29 | D        | Killed a meat berserker
    30 | D        | Reached skill level 10 in Long Blades
    30 | D        | Reached skill level 10 in Maces & Flails
    30 | D        | Reached skill level 10 in Polearms
    30 | D        | Reached skill level 10 in Staves
    30 | D        | Reached skill level 10 in Spellcasting
    30 | D        | Reached skill level 10 in Ice Magic
    30 | D        | Reached skill level 10 in Invocations
    30 | D        | Reached XP level 20. HP: 142/157 MP: 19/35
    31 | D        | Noticed a destroyer
    32 | D        | Reached skill level 15 in Conjurations
    32 | D        | Reached skill level 15 in Air Magic
    32 | D        | Noticed a destroyer
    32 | D        | Killed a large bag of meat
    32 | D        | Noticed a destroyer
    33 | D        | Reached skill level 10 in Translocations
    33 | D        | Reached skill level 10 in Transmutations
    35 | D        | Killed a destroyer
    35 | D        | Noticed a meat berserker
    35 | D        | Noticed a meat berserker
    36 | D        | Reached skill level 15 in Summonings
    36 | D        | Reached XP level 21. HP: 70/163 MP: 20/37
    36 | D        | Killed a destroyer
    37 | D        | Reached skill level 10 in Hexes
    37 | D        | Reached skill level 10 in Earth Magic
    37 | D        | Noticed a destroyer
    38 | D        | Reached skill level 15 in Fire Magic
    38 | D        | Killed a destroyer
    38 | D        | Killed a destroyer
    39 | D        | Reached skill level 15 in Short Blades
    39 | D        | Reached skill level 15 in Bows
    39 | D        | Reached skill level 15 in Crossbows
    39 | D        | Reached skill level 15 in Armour
    39 | D        | Reached skill level 15 in Unarmed Combat
    39 | D        | Reached skill level 15 in Necromancy
    39 | D        | Reached XP level 22. HP: 157/169 MP: 20/40
    39 | D        | Killed a destroyer
    40 | D        | Reached skill level 15 in Slings
    40 | D        | Reached skill level 15 in Throwing
    40 | D        | Reached skill level 15 in Shields
    40 | D        | Reached skill level 15 in Poison Magic
    40 | D        | Reached skill level 15 in Evocations
    41 | D        | Noticed a destroyer
    41 | D        | Noticed a destroyer
    41 | D        | Noticed a destroyer
    43 | D        | Killed a destroyer
    44 | D        | Reached skill level 15 in Long Blades
    44 | D        | Reached skill level 15 in Maces & Flails
    44 | D        | Reached skill level 15 in Polearms
    44 | D        | Reached skill level 15 in Staves
    44 | D        | Reached XP level 23. HP: 175/175 MP: 21/42
    44 | D        | Killed a destroyer
    44 | D        | Killed a destroyer
    44 | D        | Noticed a destroyer
    45 | D        | Reached skill level 15 in Spellcasting
    45 | D        | Reached skill level 15 in Ice Magic
    45 | D        | Reached skill level 15 in Invocations
    46 | D        | Killed a destroyer
    49 | D        | Noticed an accursed
    50 | D        | Killed a destroyer
    51 | D        | Reached XP level 24. HP: 168/181 MP: 23/44
    53 | D        | Reached skill level 15 in Translocations
    53 | D        | Reached skill level 15 in Transmutations
    56 | D        | Noticed an accursed
    59 | D        | Noticed a meat beast
    63 | D        | Noticed a tyrant
    64 | D        | Killed an accursed
    65 | D        | Reached skill level 15 in Hexes
    65 | D        | Reached skill level 15 in Earth Magic
    65 | D        | Reached XP level 25. HP: 124/187 MP: 26/45
    68 | D        | Noticed a meat beast
    69 | D        | Noticed a meat beast
    70 | D        | Killed a meat beast
    71 | D        | Reached XP level 26. HP: 193/193 MP: 27/47
    72 | D        | Killed a meat beast
    73 | D        | Reached skill level 27 in Conjurations
    73 | D        | Reached skill level 27 in Air Magic
    73 | D        | Reached XP level 27. HP: 183/199 MP: 28/48
    73 | D        | Noticed a destroyer
    73 | D        | Noticed an accursed
    73 | D        | Noticed a tyrant
    73 | D        | Noticed a dread
    73 | D        | Noticed an accursed
    76 | D        | Killed a destroyer
    77 | D        | Noticed an accursed
    77 | D        | Noticed a tyrant
    77 | D        | HP: 7/199 [meat berserker/+9 battleaxe (80)]
    78 | D        | Killed from afar by an accursed

Illustrated notes

Levels and vault maps discovered:
D:        meatsprint

Skill      XL: |  1  2  3  4  5  6  7  8  9 10 11 12 13 14 15 16 17 18 19 20 21 22 23 24 25 26 27 |
---------------+----------------------------------------------------------------------------------+-----
Fighting       | 17 20 22 23 27 | 27.0
Axes           | 19 22 24 26 27 | 27.0
Dodging        | 18 21 23 24 27 | 27.0
Stealth        | 7 8 9 10 20 27 | 27.0
Short Blades   | 6 9 12 13 15 17 19 20 22 23 24 | 24.1
Long Blades    | 5 8 10 12 13 15 16 18 19 20 21 | 21.4
Maces & Flails | 5 8 10 12 13 15 16 18 19 20 21 | 21.4
Polearms       | 5 8 10 12 13 15 16 18 19 20 21 | 21.4
Staves         | 5 8 10 12 13 15 16 18 19 20 21 | 21.4
Slings         | 6 8 11 12 14 15 17 19 20 21 22 | 22.3
Bows           | 6 9 12 13 15 17 19 20 22 23 24 | 24.1
Crossbows      | 6 9 12 13 15 17 19 20 22 23 24 | 24.1
Throwing       | 6 8 11 12 14 15 17 19 20 21 22 | 22.3
Armour         | 6 9 12 13 15 17 19 20 22 23 24 | 24.1
Shields        | 6 8 11 12 14 15 17 19 20 21 22 | 22.3
Unarmed Combat | 6 9 12 13 15 17 19 20 22 23 24 | 24.1
Spellcasting   | 5 8 10 11 13 14 16 17 19 20 | 20.9
Conjurations   | 7 11 14 16 18 20 22 24 25 27 | 27.0
Hexes          | 4 6 8 9 11 12 13 15 16 17 | 17.7
Summonings     | 7 10 13 15 17 18 20 22 24 25 26 | 26.0
Necromancy     | 6 9 12 13 15 17 19 20 22 23 24 | 24.1
Translocations | 5 7 9 10 12 13 14 16 17 18 19 | 19.2
Transmutations | 4 7 9 10 12 13 14 16 17 18 19 | 19.1
Fire Magic     | 6 9 12 13 16 17 19 20 22 23 24 | 24.1
Ice Magic      | 5 8 10 11 13 14 16 17 19 20 | 20.7
Air Magic      | 7 11 14 16 18 20 22 24 25 27 | 27.0
Earth Magic    | 4 6 8 9 11 12 13 15 16 17 | 17.7
Poison Magic   | 6 8 11 12 14 15 17 19 20 21 22 | 22.5
Invocations    | 5 8 10 11 13 14 16 17 19 20 | 20.9
Evocations     | 6 8 11 12 14 15 17 19 20 21 22 | 22.5

Action                   |  1- 3 |  4- 6 |  7- 9 | 10-12 | 13-15 | 16-18 | 19-21 | 22-24 | 25-27 || total
-------------------------+-------+-------+-------+-------+-------+-------+-------+-------+-------++-------
Melee: Executioner's axe |     1 |       |       |     2 |     6 |     5 |    11 |    13 |    10 ||    48
  Use: Scroll            |       |       |       |       |       |       |       |       |     1 ||     1
Dodge: Dodged            |       |       |       |       |       |     1 |       |     1 |     1 ||     3

Table legend: (Time is in decaauts)
 A = Elapsed time spent in this place.
 B = Non-inter-level travel time spent in this place.
 C = Inter-level travel time spent in this place.
 D = Time resting spent in this place.
 E = Time spent auto-exploring this place.
 F = Levels seen in this place.
 G = Mean time per level.
                   A        B        C        D        E       F      G
               +--------+--------+--------+--------+--------+-----+--------+
         Total |     62 |     62 |      0 |      0 |      0 |   1 |   62.0 |
       Dungeon |     62 |     62 |      0 |      0 |      0 |   1 |   62.0 |
               +--------+--------+--------+--------+--------+-----+--------+

Top non-repeatable levels by time:
       D: 62 daAuts
